 Dungeon Crawl Stone Soup version 0.31-a0-441-g867994ef1c (webtiles) character file.

Game seed: 17000691488317276781

7061 Fodor the Basher (level 10, -3/88 HPs)
             Began as a Minotaur Fighter on Aug 2, 2023.
             Was an Initiate of Gozag.
             Killed from afar by a gargoyle (21 damage)
             ... with a stone arrow
             ... on level 11 of the Dungeon.
             The game lasted 00:54:14 (11142 turns).

Fodor the Basher (Minotaur Fighter)                Turns: 11142, Time: 00:54:14

Health: -3/88      AC: 19    Str: 25    XL:     10   Next: 83%
Magic:  9/9        EV:  7    Int: 11    God:    Gozag
Gold:   955        SH: 10    Dex: 12    Spells: 9/9 levels left

rFire   . . .        B - +2 mace "Ypsawneh" {speed, rCorr}
rCold   + . .        l - +0 kite shield
rNeg    . . .        C - +1 plate armour
rPois   .            (helmet restricted)
rElec   .            q - +0 cloak
rCorr   +            y - +0 pair of gloves
SInv    .            (no boots)
Will    +....        (no amulet) Stlth
                     e - +6 ring of intelligence
HPRegen 0.34/turn    G - ring of the Festooned God {Fly rC+ Will+ Dex+2}
MPRegen 0.11/turn

%: no passive effects
@: gold aura, flying
A: horns 2, retaliatory headbutt
a: Renounce Religion, Potion Petition, Call Merchant, Bribe Branch


You were on level 11 of the Dungeon.
You worshipped Gozag.
Gozag was pleased with you.
You visited 2 branches of the dungeon, and saw 12 of its levels.

You collected 1404 gold pieces.
You paid 449 gold pieces to Gozag.

Inventory:

Hand Weapons
 d - a +0 broad axe
 t - a +0 flail of draining
 B - the +2 mace "Ypsawneh" (weapon) {speed, rCorr}
   (You found it on level 6 of the Dungeon)

   rCorr:     It protects you from acid and corrosion.
 D - a +2 scimitar of freezing
 J - a +0 orcbow
Missiles
 h - 4 poisoned darts (quivered)
 n - 8 boomerangs
 N - 2 javelins
Armour
 l - a +0 kite shield (worn)
 q - a +0 cloak (worn)
 y - a +0 pair of gloves (worn)
 C - a +1 plate armour (worn)
Jewellery
 b - an amulet of reflection
 e - a +6 ring of intelligence (left hand)
 w - a ring of protection from fire
 G - the ring of the Festooned God (right hand) {Fly rC+ Will+ Dex+2}
   (You found it on level 7 of the Dungeon)

   [ring of protection from cold]

   Dex:       It affects your dexterity (+2).
   rC:        It protects you from cold.
   Fly:       It grants you flight.
   Will:      It increases your willpower.
 L - a +4 ring of protection
Talismans
 j - a dragon-blood talisman
Wands
 c - a wand of charming (8)
 A - a wand of flame (19)
Scrolls
 m - 5 scrolls of blinking
 p - 2 scrolls of fear
 r - 2 scrolls of enchant weapon
 s - a scroll of amnesia
 u - a scroll of fog
 v - 2 scrolls of teleportation
 F - 3 scrolls of silence
 H - a scroll of immolation
 K - 2 scrolls of torment
Potions
 f - a potion of mutation {unknown}
 g - 2 potions of berserk rage {unknown}
 i - a potion of degeneration {unknown}
 k - a potion of enlightenment {unknown}
 x - 4 potions of brilliance {unknown}
 z - a potion of haste {unknown}
 E - 3 potions of might
 I - 2 potions of attraction
 M - a potion of cancellation {unknown}


   Skills:
 + Level 8.2 Fighting
 + Level 4.0 Long Blades
 + Level 12.0 Maces & Flails
 + Level 1.2 Throwing
 + Level 11.5 Armour
 + Level 2.4 Dodging
 + Level 2.2 Stealth
 + Level 7.7 Shields


You had 9 spell levels left.
You didn't know any spells.
Your spell library contained the following spells:

 Spells                   Type           Power      Damage    Failure   Level
 Apportation              Tloc           0%         N/A       99%         1
 Magic Dart               Conj           0%         1d3       99%         1
 Necrotise                Necr           0%         1d4       99%         1
 Summon Small Mammal      Summ           0%         N/A       99%         1
 Call Imp                 Summ           0%         N/A       100%        2
 Searing Ray              Conj           0%         2d4       100%        2
 Static Discharge         Conj/Air       0%         2-2/arc   100%        2
 Mephitic Cloud           Conj/Pois/Air  0%         N/A       100%        3
 Airstrike                Air            0%         2d(0-16)  100%        4
 Fulminant Prism          Conj/Hex       0%         3d5       100%        4
 Summon Lightning Spire   Summ/Air       0%         N/A       100%        4
 Alistair's Intoxication  Tmut/Pois      0%         N/A       100%        5


Dungeon Overview and Level Annotations

Branches:
Dungeon (11/15)            Temple (1/1) D:6            Lair (0/5) D:8
    Orc: D:9-12

Altars:
Ashenzari
Cheibriados
Dithmenos
Elyvilon
Fedhas
Gozag
Hepliaklqana
Kikubaaqudgha
Makhleb
Nemelex Xobeh
Okawaru
Qazlal
Ru
Sif Muna
Trog
Uskayaw
Vehumet
Wu Jian
Xom
Yredelemnul
Zin
The Shining One

Shops:
D:3 [

Portals:
Abyss: D:3

Annotations:
D:3 1 transporter, LeprechaunX's ghost, amateur OpSh


Innate Abilities, Weirdness & Mutations

You have a pair of horns on your head.
You reflexively headbutt those who attack you in melee.


Message History

The wyvern bites you but does no damage.
The wyvern closely misses you. You furiously retaliate!
You headbutt the wyvern! You hit the wyvern. Your headbutt misses the wyvern.
The wyvern is heavily wounded.
You block the wyvern's attack.
You sock the wyvern!
The wyvern is almost dead.
You block the wyvern's attack.
You hit the wyvern.
The wyvern is almost dead.
The wyvern bites you but does no damage.
You closely miss the wyvern.
The wyvern is almost dead.
You block the wyvern's attack.
You hit the wyvern but do no damage. You headbutt the wyvern.
You kill the wyvern!
Your Maces & Flails skill increases to level 12!
The cyclops hits you but does no damage.
Things that are here:
22 gold pieces; a +0 war axe; a +0 leather armour You thump the cyclops!
The cyclops is lightly wounded.
You hit the cyclops.
The cyclops is lightly wounded.
The cyclops hits you but does no damage.
The gargoyle hits you with a +0 flail!
* * * LOW HITPOINT WARNING * * *
You hit the cyclops. You headbutt the cyclops.
The cyclops is moderately wounded.
You hit the cyclops. You headbutt the cyclops!
The cyclops is severely wounded.
The gargoyle hits you but does no damage.
You block the cyclops's attack.
You sock the cyclops!
The cyclops is almost dead.
The gargoyle hurls a stone arrow at you.
The stone arrow hits you!!
You die...
Your body crumbles into a pile of gold.

############### ##
##.......##..#.#..
##...(.........#.#
##................#
##........@C.......##
##.........9...........
#......................
#..................!.
.......................
.......................
......###.....#........
.....( #....###.......
...... #...## #.....


You could see a cyclops and a gargoyle.

Vanquished Creatures
  2 two-headed ogres
  A gargoyle (D:11)
  An unseen horror (D:10)
  The ghost of Dordric the Insei, an amateur DsSh (D:4)
  2 wyverns
  10 yaks
  2 steam dragons
  A vampire mosquito (D:11)
  A water moccasin (D:9)
  2 orc warriors
  2 sky beasts
  An ice beast (D:6)
  An ogre (D:6)
  A centaur (D:7)
  2 kobold brigands
  2 phantoms (D:6)
  2 bullfrogs
  A scorpion (D:6)
  7 wights
  14 killer bees
  An electric eel (D:8)
  2 howler monkeys (D:9)
  3 orc priests
  A gnoll bouda (D:5)
  5 hounds
  4 jellies
  Terence (D:3)
  2 iguanas
  6 orc wizards
  4 gnolls (D:5)
  5 adders
  A white imp (D:7)
  2 worms
  A dart slug (D:3)
  29 orcs
  2 ball pythons (D:4)
  2 bats
  4 endoplasms
  6 giant cockroaches
  6 hobgoblins
  6 jackals
  18 kobolds
  A quokka (D:2)
  3 frilled lizards
  8 goblins
  4 rats
183 creatures vanquished.

Notes
Turn   | Place    | Note
-------+----------+-------------------------------------------
     0 | D:1      | Fodor the Minotaur Fighter began the quest for the Orb.
     0 | D:1      | Reached XP level 1. HP: 19/19 MP: 0/0
   425 | D:1      | Reached XP level 2. HP: 21/27 MP: 1/1
   701 | D:2      | Reached XP level 3. HP: 31/33 MP: 2/2
   733 | D:2      | Found a stormy altar of Qazlal.
  1171 | D:2      | Reached XP level 4. HP: 40/40 MP: 3/3
  1543 | D:3      | Found Cyppuvva's Armour Shoppe.
  1543 | D:3      | Noticed Terence
  1560 | D:3      | Killed Terence
  1561 | D:3      | Reached skill level 5 in Armour
  1672 | D:3      | Found a transporter.
  1678 | D:3      | Noticed a small abomination
  1695 | D:3      | Noticed an ancient zyme
  1725 | D:3      | Noticed LeprechaunX's ghost (amateur OpSh)
  1736 | D:3      | Found a one-way gate to the infinite horrors of the Abyss.
  2150 | D:4      | Reached XP level 5. HP: 40/41 MP: 4/4
  2965 | D:4      | Found a runed translucent gate.
  2965 | D:4      | Found a runed translucent gate.
  2965 | D:4      | Noticed Dordric's ghost (amateur DsSh)
  2967 | D:4      | Found a runed translucent gate.
  2986 | D:4      | Killed Dordric's ghost
  2987 | D:4      | Reached skill level 2 in Maces & Flails
  2987 | D:4      | Reached XP level 6. HP: 37/53 MP: 5/5
  3376 | D:5      | Entered Level 5 of the Dungeon
  3468 | D:5      | Reached skill level 3 in Maces & Flails
  3651 | D:5      | Noticed a +0 dagger
  3651 | D:5      | Noticed a +0 dagger
  3662 | D:5      | Reached skill level 4 in Maces & Flails
  3667 | D:5      | Reached XP level 7. HP: 44/60 MP: 6/6
  3677 | D:5      | Found a hide-covered altar of Uskayaw.
  3730 | D:5      | Reached skill level 1 in Dodging
  3933 | D:5      | Found a shimmering altar of Xom.
  4210 | D:6      | Found a staircase to the Ecumenical Temple.
  4219 | D:6      | Reached skill level 5 in Maces & Flails
  4228 | Temple   | Entered the Ecumenical Temple
  4238 | Temple   | Became a worshipper of Gozag Ym Sagoz the Greedy
  4368 | D:6      | Noticed a steam dragon
  4376 | D:6      | Killed a steam dragon
  4377 | D:6      | Reached skill level 5 in Fighting
  4394 | D:6      | Reached XP level 8. HP: 66/68 MP: 7/7
  4398 | D:6      | Reached skill level 6 in Maces & Flails
  4414 | D:6      | Reached skill level 5 in Shields
  4471 | D:6      | Identified the +2 mace "Ypsawneh" {speed, rCorr}
  4625 | D:6      | Reached skill level 7 in Maces & Flails
  4625 | D:6      | Reached skill level 1 in Stealth
  5157 | D:7      | Identified the ring of the Festooned God {Fly rC+ Will+
                  | Dex+2}
  5297 | D:7      | Reached skill level 8 in Maces & Flails
  6348 | D:8      | Found a sacrificial altar of Ru.
  6444 | D:8      | Reached XP level 9. HP: 75/75 MP: 8/8
  6693 | D:8      | Reached skill level 9 in Maces & Flails
  6731 | D:8      | Found a broken altar of Ashenzari.
  6737 | D:8      | Found a blossoming altar of Fedhas.
  7008 | D:8      | Found a staircase to the Lair.
  7062 | D:8      | Reached skill level 10 in Maces & Flails
  7078 | D:8      | Reached skill level 10 in Armour
  7488 | D:8      | Found a snail-covered altar of Cheibriados.
  7488 | D:8      | Found a shadowy altar of Dithmenos.
  7583 | D:9      | Found a stormy altar of Qazlal.
  7637 | D:9      | Noticed a two-headed ogre
  7649 | D:9      | Killed a two-headed ogre
  7650 | D:9      | Reached skill level 11 in Maces & Flails
  7650 | D:9      | Reached XP level 10. HP: 57/86 MP: 9/9
  8087 | D:9      | Found a glowing silver altar of Zin.
  9211 | D:10     | Entered Level 10 of the Dungeon
 10959 | D:10     | Noticed a two-headed ogre
 10969 | D:10     | Killed a two-headed ogre
 11008 | D:11     | Noticed a gargoyle
 11041 | D:11     | Killed a gargoyle
 11042 | D:11     | Reached skill level 1 in Throwing
 11058 | D:11     | HP: 4/88 [orc wizard/magic dart (3)]
 11121 | D:11     | Noticed a cyclops
 11129 | D:11     | Noticed a gargoyle
 11137 | D:11     | Reached skill level 12 in Maces & Flails
 11142 | D:11     | Killed from afar by a gargoyle

Illustrated notes

Levels and vault maps discovered:
D:1:      onia_arrival_pyramid, layout_basic
D:2:      layout_rooms, basic_altar
D:3:      layout_rooms, gammafunk_ghost_abyssal_escape, serial_shops, shop,
          uniq_terence
D:4:      layout_layer_cave, ebering_ghost_rock_garden,
          minmay_fractal_squares_gapless_5
D:5:      layout_loops_ring, dancing_weapons_uskayaw, old_standard_altar
D:6:      layout_basic, minmay_temple_entry_stoned_glass,
          chequers_serial_rivers_micro_c, minmay_misc_feat_roman
D:7:      layout_layer_cave
D:8:      layout_basic, minitemple, lemuel_doored_altar
D:9:      layout_stronghold, nicolae_qazlal_eye_of_the_storm, zin_statuary
D:10:     layout_stronghold, kennysheep_generic_room_8
D:11:     layout_big_octagon, hiddenorc1_lemuel, serial_shops,
          nicolae_shop_rolling_square, uniq_snorg
Temple:   compressed_dpeg_triangle_lava_temple

Skill      XL: |  1  2  3  4  5  6  7  8  9 10 |
---------------+-------------------------------+-----
Armour         | 4 5 6 7 8 10 11 | 11.5
Fighting       | 4 5 6 7 8 |  8.2
Shields        | 4 5 6 7 |  7.7
Long Blades    | 3 4 |  4.0
Maces & Flails | 2 4 5 8 11 12 | 12.0
Dodging        | 1 2 |  2.4
Stealth        | 1 2 |  2.2
Throwing       | 1 |  1.2

Action                     |  1- 3 |  4- 6 |  7- 9 | 10-12 || total
---------------------------+-------+-------+-------+-------++-------
  Melee: Long sword        |    55 |    31 |       |       ||    86
         Headbutt          |     6 |    24 |    57 |    32 ||   119
         Flail             |       |    95 |    73 |       ||   168
         Mace              |       |       |   234 |   178 ||   412
  Throw: Dart              |       |     4 |       |    10 ||    14
 Invoke: Potion Petition   |       |       |       |     1 ||     1
    Use: Potion            |       |     4 |     2 |     3 ||     9
         Scroll            |       |     3 |     5 |    10 ||    18
   Stab: Distracted        |       |       |     1 |     4 ||     5
 Armour: Chain mail        |    35 |    80 |    35 |       ||   150
         Scale mail        |     8 |       |       |       ||     8
         Plate armour      |       |       |   111 |   120 ||   231
  Dodge: Dodged            |    24 |    60 |    93 |    55 ||   232
  Block: Buckler           |    23 |    29 |    59 |    11 ||   122
         Kite shield       |       |       |       |    74 ||    74

Table legend: (Time is in decaauts)
 A = Elapsed time spent in this place.
 B = Non-inter-level travel time spent in this place.
 C = Inter-level travel time spent in this place.
 D = Time resting spent in this place.
 E = Time spent auto-exploring this place.
 F = Levels seen in this place.
 G = Mean time per level.
                   A        B        C        D        E       F      G
               +--------+--------+--------+--------+--------+-----+--------+
         Total |  11074 |  10711 |    363 |   2197 |      0 |  12 |  922.8 |
       Dungeon |  11050 |  10687 |    363 |   2197 |      0 |  11 | 1004.5 |
        Temple |     23 |     23 |      0 |      0 |      0 |   1 |   23.0 |
               +--------+--------+--------+--------+--------+-----+--------+

Top non-repeatable levels by time:
    D:10: 1764 daAuts
     D:9: 1596 daAuts
     D:4: 1316 daAuts
     D:8: 1275 daAuts
     D:7: 1137 daAuts
     D:6: 891 daAuts
     D:2: 858 daAuts
     D:5: 825 daAuts
     D:1: 693 daAuts
     D:3: 555 daAuts
    D:11: 134 daAuts
  Temple: 23 daAuts
